 Dungeon Sprint DCSS version 0.31-a0-654-gbe3e110b4e (webtiles) character file.

Game seed: 8973665917529912553

8 Midn8 the Ruffian (level 2, 0/19 HPs)
             Began as a Gargoyle Monk on Aug 29, 2023.
             Was a Believer of Ru.
             Killed from afar by Blork the orc (8 damage)
             ... with a puff of frost
             ... in the Dungeon (Sprint VII: "The Pits").
             The game lasted 00:00:46 (112 turns).

Midn8 the Ruffian (Gargoyle Monk)                    Turns: 112, Time: 00:00:46

Health: 0/19       AC:  4    Str: 14    XL:     2   Next: 8%
Magic:  2/2        EV: 12    Int: 10    God:    Ru [**....]
Gold:   0          SH:  0    Dex: 12    Spells: 1/1 levels left

rFire   . .          .
                       - Unarmed
rCold   . . .        c - orb {light}
rNeg    + . .        a - +0 robe
rPois   ∞            (no helmet)
rElec   +            (no cloak)
rCorr   .            (no gloves)
SInv    .            (no boots)
Will    .....        (no amulet)
Stlth   +            (no ring)
HPRegen 0.23/turn    (no ring)
MPRegen 0.08/turn

%: no teleportation
@: glowing
A: sickness immunity, AC +2, negative energy resistance 1, electricity
resistance, torment resistance 1, petrification resistance, inability to use
devices
a: Renounce Religion


You were in the Dungeon.
You worshipped Ru.
Ru was pleased with you.
You visited 1 branch

Inventory:

Armour
 a - a +0 robe (worn)
 c - an orb of light (worn)
Scrolls
 i - a scroll of blinking
 k - 2 scrolls of vulnerability
 l - 5 scrolls of amnesia
 m - a scroll of summoning
Potions
 b - a potion of ambrosia
 d - a potion of curing
 e - a potion of heal wounds
 f - a potion of haste
 g - 4 potions of magic
 h - 3 potions of berserk rage
 j - 2 potions of invisibility


   Skills:
 - Level 3.2 Fighting
 - Level 2.4 Dodging
 + Level 5.0 Unarmed Combat


You had one spell level left.
You didn't know any spells.
Your spell library was empty.

Dungeon Overview and Level Annotations

Branches:
Dungeon (1/1)

Altars:
Ashenzari
Cheibriados
Dithmenos
Elyvilon
Fedhas
Gozag
Hepliaklqana
Kikubaaqudgha
Makhleb
Nemelex Xobeh
Okawaru
Qazlal
Ru
Sif Muna
Trog
Uskayaw
Vehumet
Wu Jian
Xom
Yredelemnul
Zin
The Shining One
Jiyva
Lugonu

Annotations:
D Blork the orc


Innate Abilities, Weirdness & Mutations

You are immune to sickness and miasma.
Your stone body is resilient. (AC +2)
You are immune to poison.
You resist negative energy. (rN+)
You are resistant to electric shocks. (rElec)
You are resistant to unholy torment.
You are immune to petrification.
You cannot study or use magical devices.


Message History

You kill the jackal!
You have reached level 2!
You start resting.
HP restored.
Things that are here:
a jackal corpse; a jackal corpse
There is an open door here.
There is an open door here.
You open the door.
A jackal comes into view.
The jackal barks!
You hear a shout!
You hear a bark! x2
You hit the jackal but do no damage.
The jackal is stunned by your conviction and fails to attack.
You hit the jackal.
The jackal is almost dead.
The jackal bites you.
Blork the orc comes into view.
He is wielding a +0 war axe.
The jackal closely misses you.
You punch the jackal!
You kill the jackal!
Your Unarmed Combat skill increases to level 5!
You hit Blork the orc.
Blork the orc is lightly wounded.
A jackal comes into view.
Blork the orc barely misses you.
You punch Blork the orc!
Blork the orc is heavily wounded.
You barely miss Blork the orc.
Blork the orc is heavily wounded.
Blork the orc barely misses you.
You barely miss Blork the orc.
Blork the orc is heavily wounded.
Blork the orc hits you with a +0 war axe!
Ouch! That really hurt!
You hit Blork the orc but do no damage.
Blork the orc is heavily wounded.
A jackal comes into view.
Blork the orc casts a spell at you. The puff of frost hits you!
You die...

#_________.#
#_______...###########
##########'##.........
#..(.')))'.##......#..
##########.##.........
#.......†...'.........
#+#####'#####......#..
#..#..# #.........
#..@..+ ####'#####
##o#### #.......# #.h
#.......# #.h
#.......# ###
#...<...# #.......#
#.......# #.......#
#########


You could see Blork the orc and 2 jackals.

Vanquished Creatures
  An endoplasm (D)
  4 jackals (D)
  A ball python zombie (D)
  A frilled lizard (D)
7 creatures vanquished.

Notes
Turn   | Place    | Note
-------+----------+-------------------------------------------
     0 | D        | Midn8 the Gargoyle Monk began the quest for the Orb.
     0 | D        | Reached XP level 1. HP: 14/14 MP: 1/1
    16 | D        | Found a bloodstained altar of Trog.
    16 | D        | Found a shimmering blue altar of Sif Muna.
    16 | D        | Found a viscous altar of Jiyva.
    16 | D        | Found a hazy altar of Hepliaklqana.
    16 | D        | Found an opulent altar of Gozag.
    17 | D        | Found a glowing golden altar of the Shining One.
    17 | D        | Found a glowing silver altar of Zin.
    17 | D        | Found a basalt altar of Yredelemnul.
    17 | D        | Found a shimmering altar of Xom.
    17 | D        | Found an ornate altar of the Wu Jian Council.
    17 | D        | Found a sacrificial altar of Ru.
    17 | D        | Found a stormy altar of Qazlal.
    17 | D        | Found an iron altar of Okawaru.
    17 | D        | Found a sparkling altar of Nemelex Xobeh.
    17 | D        | Found a burning altar of Makhleb.
    17 | D        | Found a blossoming altar of Fedhas.
    17 | D        | Found a white marble altar of Elyvilon.
    17 | D        | Found a shadowy altar of Dithmenos.
    17 | D        | Found a snail-covered altar of Cheibriados.
    18 | D        | Found a radiant altar of Vehumet.
    18 | D        | Found a corrupted altar of Lugonu.
    19 | D        | Found an ancient bone altar of Kikubaaqudgha.
    19 | D        | Found a hide-covered altar of Uskayaw.
    19 | D        | Found a broken altar of Ashenzari.
    25 | D        | Became a worshipper of Ru the Awakened
    45 | D        | Gained mutation: You cannot study or use magical devices.
                  | [Ru sacrifice]
    45 | D        | Reached * piety under Ru
    45 | D        | Reached ** piety under Ru
    80 | D        | Reached skill level 4 in Unarmed Combat
    85 | D        | Reached XP level 2. HP: 15/19 MP: 2/2
   106 | D        | Noticed Blork the orc
   108 | D        | Reached skill level 5 in Unarmed Combat
   112 | D        | Killed from afar by Blork the orc

Illustrated notes

Levels and vault maps discovered:
D:        pitsprint [storerooms_1, entrance_room_1, metal_vault_6, armoury_1,
          mini_pit_1, grid_room_1, main_hall_1, silver_pit, the_coven_3,
          the_vestibule_1, steel_vault_4, golden_pit, hallway_of_sentries,
          crystal_vault_6, iron_vault_4, final_vault]

Skill      XL: |  1  2 |
---------------+-------+-----
Unarmed Combat | 4 5 |  5.0
Fighting       | |  3.2
Dodging        | |  2.4

Action                     || total
---------------------------++-------
  Melee: Unarmed           ||    22
 Invoke: Sacrifice Artific ||     1
 Armour: Robe              ||     3
  Dodge: Dodged            ||    12

Table legend: (Time is in decaauts)
 A = Elapsed time spent in this place.
 B = Non-inter-level travel time spent in this place.
 C = Inter-level travel time spent in this place.
 D = Time resting spent in this place.
 E = Time spent auto-exploring this place.
 F = Levels seen in this place.
 G = Mean time per level.
                   A        B        C        D        E       F      G
               +--------+--------+--------+--------+--------+-----+--------+
         Total |    110 |    110 |      0 |     24 |      0 |   1 |  110.0 |
       Dungeon |    110 |    110 |      0 |     24 |      0 |   1 |  110.0 |
               +--------+--------+--------+--------+--------+-----+--------+

Top non-repeatable levels by time:
       D: 110 daAuts
